 Dungeon Crawl Stone Soup version 0.18.1-48-g4cf74bf (webtiles) character file.

159 atgrul the Conjurer (level 5, -1/38 HPs)
             Began as a Draconian Conjurer on July 9, 2016.
             Slain by an orc
             ... wielding a +3 trident
              (12 damage)
             ... on level 2 of the Dungeon.
             The game lasted 00:08:51 (2575 turns).

atgrul the Conjurer (Draconian Conjurer)            Turns: 2575, Time: 00:08:51

Health: -1/38      AC:  6    Str: 11    XL:     5   Next: 17%
Magic:  3/8        EV: 12    Int: 16    God:
Gold:   162        SH:  0    Dex: 11    Spells: 2 memorised, 2 levels left

rFire  . . .     SeeInvis .     q - +0 dagger (drain)
rCold  . . .     Gourm    .     (armour unavailable)
rNeg   . . .     Faith    .     (no shield)
rPois  .         Spirit   .     (helmet restricted)
rElec  .         Dismiss  .     j - +0 cloak
rCorr  .         Reflect  .     (no gloves)
SustAt .         Harm     .     (no boots)
MR     .....                    (no amulet)
Stlth  ++........               (no ring)
                                (no ring)

@: not resistant to hostile enchantments, unstealthy
A: unfitting armour, cold-blooded, AC +5
a: no special abilities


You were on level 2 of the Dungeon.
You were not hungry.

You visited 1 branch of the dungeon, and saw 3 of its levels.

You collected 162 gold pieces.

Inventory:

Hand Weapons
 c - a +0 short sword
 q - a +0 dagger of draining (weapon)
Armour
 j - a +0 cloak (worn)
Jewellery
 s - an uncursed amulet of rage {unknown}
Scrolls
 d - 2 scrolls of teleportation {unknown}
 e - 3 scrolls of fog {unknown}
 g - 3 scrolls of identify {unknown}
 n - a scroll of remove curse {unknown}
 u - a scroll of recharging {unknown}
Potions
 f - 3 potions of heal wounds {unknown}
 h - a potion of beneficial mutation {unknown}
 i - 3 potions of haste {unknown}
 l - a potion of degeneration {unknown}
 m - a potion of magic {unknown}
 o - a potion of curing {unknown}
 p - a potion of mutation {unknown}
 r - a potion of agility {unknown}
Books
 a - a book of Conjurations

   Spells                             Type                      Level
   a - Magic Dart                     Conjuration                  1
   b - Searing Ray                    Conjuration                  2
   c - Dazzling Spray                 Conjuration/Hexes            3
   d - Fulminant Prism                Conjuration/Hexes            4
   e - Iskenderun's Mystic Blast      Conjuration                  4
   f - Iskenderun's Battlesphere      Conjuration/Charms           5
Comestibles
 b - a bread ration
 k - a beef jerky
 t - a meat ration


   Skills:
 - Level 1.7 Dodging
 - Level 1.7 Stealth
 - Level 2.0 Spellcasting
 + Level 6.5 Conjurations


You had 2 spell levels left.
You knew the following spells:

 Your Spells              Type           Power        Failure   Level  Hunger
a - Magic Dart            Conj           ###.         1%          1    #......
b - Iskenderun's Battles  Conj/Chrm      ##......     98%         5    ######.


Dungeon Overview and Level Annotations

Branches:
Dungeon (3/15)

Altars:
Trog


Innate Abilities, Weirdness & Mutations

Your plain brown scales are hard (AC +5).
Your body does not fit into most forms of armour.
You are cold-blooded and may be slowed by cold attacks.


Message History

* * * LOW HITPOINT WARNING * * *
You climb upwards.
There is a stone staircase leading down here.
Unknown command.
Casting: Magic Dart
Confirm with . or Enter, or press ? or * to list all spells.
Aiming: Magic Dart
Press: ? - help, Shift-Dir - straight line, f - rat
Aim: a rat
Okay, then.
Casting: Magic Dart
Confirm with . or Enter, or press ? or * to list all spells.
Aiming: Magic Dart
Press: ? - help, Shift-Dir - straight line, f - orc
Aim: an orc, wearing a chain mail (severely wounded)
The magic dart hits the orc.
The orc is severely wounded.
The rat barely misses you. The orc hits you but does no damage.
The orc hits you with an enchanted trident!
You die...

# #...#............# #
##..#............# #
#..#............# ###
######..............# ..#
#...................# #.#
#.###.#.............# #.#
#...#(#.............# #.#
###.#.#.o...........#
#.#########.#..r@o..........#
#...........####o...........#
###########.# #............#
#.# ############## ###


You could see 3 orcs and a rat.

Vanquished Creatures
  A howler monkey (D:3)
  An orc wizard (D:3)
  3 adders (D:2)
  An ooze (D:2)
  A dart slug (D:1)
  4 giant geckos
  An orc (D:3)
  5 giant cockroaches
  4 goblins
  9 hobgoblins
  5 jackals
  6 bats
  A giant gecko skeleton (D:3)
  2 giant newts (D:1)
  11 kobolds
  4 rats
59 creatures vanquished.

Notes
Turn   | Place    | Note
--------------------------------------------------------------
     0 | D:1      | atgrul the Draconian Conjurer began the quest for the Orb.
     0 | D:1      | Reached XP level 1. HP: 14/14 MP: 3/3
   237 | D:1      | Reached XP level 2. HP: 19/20 MP: 0/5
  1098 | D:2      | Reached skill level 5 in Conjurations
  1098 | D:2      | Reached XP level 3. HP: 26/26 MP: 3/6
  1260 | D:2      | Found a bloodstained altar of Trog.
  1691 | D:2      | Reached XP level 4. HP: 33/33 MP: 0/7
  2008 | D:3      | Reached skill level 6 in Conjurations
  2279 | D:3      | Reached XP level 5. HP: 38/38 MP: 0/8
  2481 | D:2      | Learned a level 5 spell: Iskenderun's Battlesphere
  2575 | D:2      | Slain by an orc

Skill      XL: |  1  2  3  4 |
---------------+-------------+-----
Conjurations   | 5 6 |  6.5
Dodging        | |  1.7
Stealth        | |  1.7
Spellcasting   | |  2.0

Action                   |  1- 3 |  4- 6 || total
-------------------------+-------+-------++-------
Melee: Short sword       |    11 |       ||    11
       Tailslap          |     2 |     1 ||     3
       Dagger            |     4 |    16 ||    20
 Cast: Magic Dart        |    75 |    48 ||   123
  Eat: Chunk             |     3 |       ||     3
       Bread ration      |       |     1 ||     1
Armor: Skin              |     5 |    17 ||    22
Dodge: Dodged            |    12 |    26 ||    38
